Map: Arctic Dream LE

Players

zerosslayer

  • Race: Protoss Protoss
  • League: Platinum
  • Spawn Location: 12:00

Squidite

  • Race: Zerg Zerg
  • League: Diamond
  • Spawn Location: 11:00

Massa - Winner!

  • Race: Terran Terran
  • League: Platinum
  • Spawn Location: 5:00

qqq - Winner!

  • Race: Zerg Zerg
  • Spawn Location: 6:00

VOD

Have the link to the VOD?

Description

Time

  • Played on: Feb. 18, 2021, 4:16 p.m.
  • Length: 16:12
Show
View Real Time Build Order
Export as new Build Order

zerosslayer Protoss 

Build Orders:  

Get SALT Encoding   

  12  0:02  Probe  
  13  0:14  Probe  
  14  0:21  Pylon  
  14  0:26  Probe  
  15  0:39  Probe (Chrono Boost)  
  15  0:40  Gateway  
  16  0:49  Assimilator  
  17  0:51  Probe (Chrono Boost)  
  17  0:57  Probe (Chrono Boost)  
  17  0:58  Assimilator  
  18  1:07  Probe  
  19  1:14  Gateway  
  19  1:20  Probe  
  20  1:28  Cybernetics Core  
  20  1:34  Probe  
  21  1:40  Pylon  
  21  1:50  Probe  
  22  2:00  Warp Gate (Chrono Boost)  
  22  2:04  Stalker  
  22  2:05  Stalker  
  22  2:08  Probe  
  27  2:19  Pylon  
  27  2:26  Probe  
  28  2:35  Stalker  
  30  2:37  Stalker  
  32  2:49  Twilight Council  
  32  3:08  Nexus  
  31  3:17  Pylon  
  31  3:19  Probe  
  32  3:21  Charge (Chrono Boost)  
  32  3:31  Probe  
  33  3:42  Forge  
  33  3:43  Probe  
  34  3:55  Probe  
  35  4:08  Probe  
  36  4:14  Protoss Ground Weapons Level 1  
  36  4:19  Gateway  
  36  4:22  Gateway  
  30  4:26  Adept  
  30  4:27  Adept  
  34  4:34  Probe x2  
  36  4:50  Shield Battery  
  36  4:51  Adept  
  36  4:52  Adept  
  40  5:04  Probe x2  
  42  5:27  Stalker x2  
  42  5:28  Stalker  
  48  5:35  Stalker  
  43  5:41  Probe (Chrono Boost)  
  43  5:42  Probe (Chrono Boost)  
  45  5:53  Probe (Chrono Boost)  
  45  5:54  Probe (Chrono Boost)  
  47  6:02  Probe x2 (Chrono Boost)  
  48  6:18  Adept x4  
  14  6:41  Adept  
  14  6:42  Adept x3  
  22  6:49  Probe (Chrono Boost)  
  22  6:52  Probe (Chrono Boost)  
  22  7:05  Probe (Chrono Boost)  
  22  7:08  Probe (Chrono Boost)  
  24  7:20  Probe  
  25  7:35  Probe x2  
  27  7:47  Probe x2  
  29  8:02  Probe x2  
  31  8:15  Probe  
  31  8:16  Probe  
  33  8:29  Probe x2 (Chrono Boost)  
  35  8:39  Probe x2 (Chrono Boost)  
  37  8:44  Probe x2 (Chrono Boost)  
  39  8:50  Zealot  
  39  8:51  Zealot  
  44  8:55  Probe  
  44  8:56  Probe  
  44  8:57  Protoss Ground Weapons Level 2 (Chrono Boost)  
  45  9:08  Probe (Chrono Boost)  
  45  9:09  Probe (Chrono Boost)  
  47  9:20  Probe (Chrono Boost), Zealot x2  
  47  9:21  Zealot x2  
  57  9:25  Probe (Chrono Boost)  
  57  9:26  Probe (Chrono Boost)  
  58  9:32  Probe  
  58  9:35  Probe  
  60  9:40  Gateway x2  
  60  9:44  Probe  
  61  9:47  Probe  
  62  9:55  Pylon  
  62  9:57  Probe  
  62  9:59  Probe  
  54  10:06  Zealot x2  
  56  10:07  Zealot  
  55  10:35  Stalker x2  
  41  10:45  Zealot x2  
  41  10:46  Zealot x2  
  49  10:53  Gateway  
  49  10:56  Gateway  
  49  11:00  Adept x2  
  49  11:04  Nexus  
  53  11:09  Probe x2  
  48  11:26  Probe x2  
  50  11:35  Pylon  
  50  11:46  Probe x2  
  52  11:48  Pylon  
  52  11:53  Pylon  
  52  11:54  Photon Cannon  
  52  11:55  Photon Cannon, Pylon  
  52  12:00  Photon Cannon  
  52  12:04  Stalker  
  52  12:05  Stalker  
  56  12:28  Probe x2  
  58  12:39  Protoss Ground Weapons Level 3  
  58  12:41  Probe x2  
  60  12:47  Probe  
  61  12:53  Probe x2  
  61  12:54  Stalker  
  65  13:11  Probe (Chrono Boost)  
  68  13:17  Probe x2 (Chrono Boost)  
  68  13:18  Pylon  
  68  13:21  Probe (Chrono Boost)  
  68  13:23  Gateway  
  68  13:25  Probe (Chrono Boost), Gateway  
  68  13:26  Probe (Chrono Boost)  
  71  13:27  Probe (Chrono Boost), Assimilator  
  72  13:36  Probe  
  72  13:38  Assimilator  
  72  13:40  Photon Cannon, Assimilator  
  73  13:44  Probe x2 (Chrono Boost)  
  76  13:49  Blink (Chrono Boost)  
  76  13:54  Probe (Chrono Boost)  
  78  13:55  Probe (Chrono Boost)  
  78  13:56  Probe (Chrono Boost)  
  78  14:20  Zealot x5  
  78  14:22  Stalker x3  
  92  14:33  Sentry x2  
  96  14:50  Stalker x2  
  97  14:53  Stalker x2  
  97  15:00  Stalker x2  
  101  15:08  Probe x2  
  101  15:09  Probe  
  53  15:43  Pylon  
  53  15:45  Pylon  
  53  15:47  Assimilator  
Show
View Real Time Build Order
Export as new Build Order

Squidite Zerg 

Build Orders: Hatch First, Muta Ling Bane 

Get SALT Encoding   

  12  0:00  Drone  
  13  0:12  Overlord  
  13  0:17  Drone  
  14  0:30  Drone  
  14  0:31  Drone  
  14  0:34  Drone  
  17  0:48  Drone  
  18  0:56  Hatchery  
  17  0:59  Drone  
  17  1:02  Extractor  
  17  1:07  Drone  
  18  1:18  Drone  
  19  1:22  Spawning Pool  
  18  1:28  Drone  
  19  1:42  Overlord  
  19  1:59  Drone  
  20  2:02  Drone  
  21  2:10  Metabolic Boost  
  21  2:13  Queen x2  
  21  2:14  Zergling x4  
  27  2:19  Drone  
  28  2:28  Drone  
  29  2:33  Drone x2  
  31  2:40  Drone  
  31  2:43  Overlord  
  32  2:51  Queen  
  32  2:52  Drone  
  32  2:55  Drone  
  36  3:02  Drone  
  37  3:08  Drone  
  38  3:13  Hatchery  
  38  3:16  Drone x2  
  39  3:24  Drone x4  
  39  3:25  Drone  
  39  3:26  Lair  
  44  3:39  Overlord  
  44  3:58  Zergling x10  
  49  4:05  Overlord x3  
  49  4:06  Drone x3  
  52  4:12  Extractor  
  51  4:19  Baneling Nest  
  51  4:21  Zergling x4  
  52  4:28  Zergling x6  
  52  4:29  Zergling x8  
  59  4:42  Drone x3  
  62  4:46  Queen  
  62  4:49  Zergling x6  
  67  5:02  Zergling x14  
  67  5:03  Zergling x2  
  66  5:16  Baneling x3  
  66  5:17  Baneling x2, Zergling x6  
  56  5:30  Centrifical Hooks  
  56  5:33  Drone x6  
  56  5:34  Extractor  
  56  5:35  Queen  
  58  5:40  Queen x2  
  60  5:46  Zergling x2  
  60  5:47  Zergling x12  
  60  5:49  Baneling x6  
  66  5:56  Extractor  
  63  6:15  Drone  
  63  6:16  Drone, Evolution Chamber  
  63  6:17  Drone x6  
  70  6:20  Queen  
  72  6:33  Drone x6  
  78  6:41  Drone x2  
  80  6:47  Zerg Ground Armor Level 1  
  80  6:51  Drone x3  
  80  6:52  Spire, Evolution Chamber  
  79  6:54  Drone x2  
  79  6:56  Queen  
  79  7:07  Spore Crawler  
  77  7:09  Spore Crawler x2  
  75  7:18  Zerg Melee Weapons Level 1  
  75  7:28  Hatchery  
  74  7:31  Drone x3  
  74  7:32  Drone x4  
  74  7:33  Overlord x4  
  81  7:42  Baneling  
  81  7:43  Baneling x7  
  81  7:55  Zergling x2  
  81  7:56  Zergling x20  
  90  8:24  Extractor, Mutalisk  
  90  8:25  Extractor, Mutalisk x6  
  102  8:27  Overlord x3  
  102  8:28  Drone x2  
  104  8:35  Pneumatized Carapace  
  104  8:47  Queen  
  104  8:48  Drone x7  
  113  8:58  Mutalisk  
  113  9:01  Zergling x2  
  113  9:02  Zergling x18  
  125  9:04  Baneling  
  125  9:10  Zerg Flyer Weapons Level 1  
  125  9:24  Drone  
  125  9:25  Drone x6  
  125  9:28  Mutalisk x2  
  125  9:31  Zergling x10  
  137  9:32  Zergling x2  
  142  9:47  Mutalisk  
  143  10:03  Overlord x2  
  143  10:04  Overlord x4  
  142  10:10  Drone x2, Extractor  
  142  10:11  Drone x4, Extractor, Zergling x2  
  142  10:12  Zergling x10  
  140  10:19  Zergling x14  
  140  10:20  Zergling x2  
  129  10:31  Zergling x8  
  115  10:43  Baneling x10  
  115  10:44  Baneling x2, Mutalisk  
  115  10:45  Mutalisk x7  
  130  11:05  Mutalisk  
  130  11:07  Mutalisk x3  
  128  11:20  Zerg Flyer Armor Level 1  
  119  11:26  Zerg Melee Weapons Level 2  
  115  11:47  Mutalisk  
  115  11:49  Mutalisk x5  
  115  11:51  Corruptor  
  115  11:53  Hatchery  
  128  11:56  Zergling x2  
  128  11:57  Zergling x26  
  128  11:58  Zergling x12  
  148  12:08  Zerg Ground Armor Level 2  
  148  12:12  Queen  
  143  12:30  Drone x2  
  143  12:31  Drone x4  
  143  12:32  Spore Crawler  
  143  12:33  Spore Crawler  
  145  12:45  Hatchery  
  145  12:51  Mutalisk  
  144  12:52  Mutalisk x5  
  144  12:53  Mutalisk x4  
  164  12:59  Baneling x7  
  164  13:00  Baneling  
  164  13:01  Zergling x18  
  173  13:07  Queen  
  175  13:14  Corruptor x3  
  175  13:18  Zergling x4  
  183  13:21  Baneling x4  
  183  13:22  Baneling  
  183  13:28  Zerg Flyer Weapons Level 2  
  183  13:54  Overlord  
  183  13:55  Overlord x4  
  183  13:57  Zergling x12  
  183  14:00  Baneling x5  
  167  14:29  Mutalisk  
  167  14:30  Mutalisk x2  
  167  14:31  Mutalisk x9  
  159  14:35  Zergling x2  
  159  14:36  Zergling x36  
  172  14:57  Baneling  
  172  14:58  Baneling x13  
  171  15:07  Zergling x2  
  171  15:08  Zergling x30  
  171  15:10  Baneling  
  171  15:11  Baneling x18  
  129  15:41  Zergling x6  
  129  15:42  Zergling x24  
  128  15:49  Drone x2  
Show
View Real Time Build Order
Export as new Build Order

Massa Terran - Winner!

Build Orders: Liberator Opening 

Get SALT Encoding   

  12  0:00  SCV  
  13  0:12  SCV  
  14  0:17  Supply Depot  
  14  0:25  SCV  
  15  0:39  SCV  
  15  0:41  Barracks  
  16  0:50  Refinery  
  16  0:51  SCV  
  17  1:03  SCV, Supply Depot  
  18  1:15  SCV  
  19  1:33  Orbital Command  
  19  1:53  Command Center  
  19  2:00  Barracks Tech Lab  
  19  2:07  SCV  
  20  2:09  Engineering Bay  
  20  2:19  SCV, Factory  
  21  2:26  Marine  
  22  2:31  SCV  
  23  2:38  Missile Turret  
  23  2:43  SCV  
  24  2:44  Marine  
  24  2:45  Refinery  
  25  2:55  SCV  
  26  3:02  Marine  
  26  3:04  Starport  
  29  3:13  Hellion, Barracks  
  29  3:20  Marine  
  29  3:22  Barracks  
  30  3:28  Stimpack  
  30  3:35  Orbital Command  
  30  3:44  Marine  
  31  3:51  Liberator  
  34  3:57  Hellion  
  34  4:00  Marine  
  39  4:02  Marauder  
  39  4:04  Supply Depot  
  39  4:16  Bunker  
  39  4:18  Hellion  
  39  4:30  SCV x2  
  41  4:37  Liberator  
  44  4:42  SCV x2  
  46  4:47  Terran Infantry Weapons Level 1  
  46  4:48  Supply Depot  
  46  4:51  Barracks Reactor  
  46  4:54  SCV x2  
  48  5:06  SCV  
  44  5:31  Marauder, Marine x3  
  44  5:48  Marine  
  44  5:49  Marine x2  
  42  5:52  Marauder  
  44  6:05  Factory Tech Lab  
  44  6:06  Marine x3  
  44  6:07  Liberator  
  50  6:14  Marauder  
  52  6:27  SCV, Marine  
  52  6:28  SCV  
  52  6:31  Refinery  
  55  6:32  Refinery  
  55  6:34  Command Center  
  55  6:35  Marauder  
  55  6:38  Barracks  
  58  6:40  SCV x2, Barracks  
  58  6:42  Barracks Tech Lab  
  58  6:43  Combat Shield  
  59  6:52  SCV x2  
  61  7:00  Marauder  
  60  7:04  SCV x2  
  60  7:05  Supply Depot x2  
  60  7:06  Supply Depot  
  62  7:27  Marauder  
  62  7:29  Supply Depot  
  64  7:31  Supply Depot  
  64  7:36  Barracks Reactor, Barracks Tech Lab, Marauder  
  64  7:37  Marine x2  
  66  7:40  SCV x2  
  70  7:47  Terran Infantry Armor Level 1, Marine  
  70  7:51  Armory  
  71  7:52  SCV x2  
  71  7:54  Marine  
  71  7:55  Marine, Siege Tank  
  71  7:57  Marine  
  79  8:04  SCV x2  
  81  8:08  Liberator  
  81  8:11  Concussive Shells  
  84  8:27  SCV x2  
  84  8:31  Siege Tank  
  89  8:39  SCV x2  
  91  8:43  Engineering Bay  
  91  8:45  Missile Turret  
  91  8:51  SCV  
  91  8:52  SCV  
  91  8:55  Orbital Command  
  90  8:59  Missile Turret  
  90  9:03  SCV  
  90  9:04  SCV  
  92  9:13  Marauder x3, Marine x2  
  92  9:14  Marine x2  
  92  9:16  SCV, Thor  
  109  9:20  Terran Vehicle Weapons Level 1  
  109  9:21  Terran Infantry Weapons Level 2  
  109  9:26  SCV x2  
  109  9:28  SCV  
  109  9:31  Marine x4  
  112  9:34  Marine  
  117  9:51  Refinery  
  117  9:53  Refinery  
  117  9:55  Supply Depot x2  
  117  9:56  Supply Depot  
  117  9:57  Supply Depot x2  
  117  9:58  Marauder, Missile Turret  
  117  10:00  Missile Turret  
  117  10:01  Missile Turret  
  117  10:15  SCV, Liberator  
  89  10:21  Supply Depot  
  89  10:22  Marauder x2, Marine, Supply Depot  
  89  10:23  Marauder, Marine x3, Supply Depot  
  89  10:24  Supply Depot  
  87  10:37  Siege Tank  
  87  10:38  SCV  
  87  10:39  SCV x2  
  87  10:40  Marine x3  
  87  10:41  Marine  
  97  10:44  Marauder x3  
  97  10:48  Barracks  
  103  10:51  SCV x3, Smart Servos  
  106  10:58  Marine  
  106  10:59  Starport, Barracks  
  106  11:00  Supply Depot  
  106  11:01  Supply Depot  
  106  11:02  Factory  
  107  11:05  Marauder x2, Supply Depot  
  107  11:07  Marauder, Marine x2  
  107  11:08  Marine  
  107  11:09  Siege Tank  
  119  11:24  Fusion Core  
  119  11:26  Marauder, Liberator  
  124  11:36  Marauder x2, Marine x3  
  124  11:37  Marine  
  124  11:38  Barracks Tech Lab  
  132  11:40  Terran Infantry Armor Level 2  
  132  11:48  Marauder  
  134  12:19  Marauder x4  
  134  12:20  Marine x4  
  134  12:21  Marine  
  147  12:34  Siege Tank  
  147  12:35  Factory Tech Lab  
  150  12:38  Marine x2  
  150  12:40  Marauder  
  150  12:41  Marauder x3  
  150  12:42  Liberator x2  
  163  13:02  Marauder x3  
  169  13:06  Siege Tank  
  172  13:13  Siege Tank  
  172  13:14  Drilling Claws  
  172  13:17  Command Center  
  175  13:26  Advanced Ballistics  
  175  13:32  Terran Infantry Weapons Level 3, Terran Vehicle Weapons Level 2  
  175  13:35  Command Center  
  175  13:38  Siege Tank  
  178  13:45  Siege Tank  
  181  13:50  Starport Reactor  
  177  14:30  Liberator  
  180  14:32  Medivac  
  180  14:33  Medivac  
  181  15:02  Medivac, Thor x2  
  181  15:03  Medivac  
  197  15:11  Marauder, Marine  
  122  15:45  Marauder x4  
  122  15:46  Marine x5  
Show
View Real Time Build Order
Export as new Build Order

qqq Zerg - Winner!

Build Orders: Hatch First 

Get SALT Encoding   

  12  0:00  Drone  
  13  0:13  Drone  
  14  0:18  Overlord  
  14  0:44  Hatchery  
  14  0:49  Drone  
  14  0:52  Drone  
  15  1:02  Drone x2  
  17  1:17  Spawning Pool  
  16  1:19  Extractor  
  16  1:22  Drone  
  16  1:30  Drone  
  17  1:49  Drone x2  
  19  1:55  Drone  
  19  1:57  Drone  
  21  2:04  Queen  
  21  2:07  Queen  
  25  2:09  Drone  
  25  2:15  Overlord  
  26  2:20  Zergling x2  
  26  2:22  Drone  
  28  2:29  Metabolic Boost  
  28  2:37  Drone  
  28  2:40  Drone  
  30  2:54  Zergling x4  
  33  2:58  Drone x2  
  33  3:00  Zergling x2  
  35  3:07  Drone  
  35  3:12  Overlord  
  36  3:13  Hatchery  
  34  3:23  Drone  
  34  3:24  Zergling x2  
  34  3:25  Overlord x2  
  36  3:34  Evolution Chamber  
  36  3:35  Drone  
  36  3:36  Zergling x4  
  36  3:38  Zergling x2  
  36  3:40  Zergling x2  
  40  3:45  Zergling x2  
  40  3:47  Zergling x2  
  41  3:58  Zergling x2  
  41  3:59  Zergling x6  
  41  4:00  Zergling x4  
  45  4:11  Zergling x4  
  45  4:12  Zergling x2  
  49  4:17  Zergling x2  
  49  4:18  Drone  
  49  4:25  Zerg Melee Weapons Level 1  
  49  4:29  Evolution Chamber  
  49  4:30  Drone  
  49  4:32  Drone x2  
  49  4:36  Queen  
  53  4:40  Zergling x2  
  53  4:42  Zergling x2  
  53  4:43  Zergling x2  
  56  4:51  Drone, Zergling x2  
  57  5:11  Zergling x8  
  57  5:12  Zergling x6  
  57  5:13  Zergling x4  
  63  5:20  Zerg Ground Armor Level 1  
  59  5:21  Lair  
  51  5:32  Zergling x8  
  54  5:36  Zergling x2  
  54  5:37  Drone x3, Zergling x4  
  55  6:02  Hatchery  
  54  6:09  Zergling x4  
  54  6:10  Zergling x4  
  54  6:11  Zergling x10  
  60  6:12  Drone x3  
  65  6:19  Zergling x2  
  65  6:22  Overlord x2  
  65  6:23  Overlord  
  63  6:30  Zerg Melee Weapons Level 2  
  59  6:37  Overlord x2  
  59  6:38  Overlord  
  59  6:46  Zergling x4  
  59  6:47  Zergling x2  
  49  7:07  Zergling x8  
  50  7:08  Drone x2  
  50  7:09  Drone x2, Zergling x8  
  50  7:14  Spire  
  56  7:17  Queen  
  56  7:18  Drone x2  
  56  7:19  Zergling x2  
  61  7:30  Drone x2, Zergling x2  
  61  7:31  Drone x2, Zergling x2  
  67  7:37  Extractor  
  63  7:47  Zergling x8  
  63  7:48  Drone  
  63  7:49  Drone, Zergling x4  
  61  8:18  Extractor  
  60  8:20  Extractor  
  60  8:21  Drone x4  
  60  8:22  Extractor  
  60  8:24  Drone x5  
  67  8:29  Mutalisk x2, Zergling x4  
  67  8:30  Mutalisk  
  75  8:35  Extractor  
  75  8:36  Drone x2  
  75  8:37  Overlord  
  75  8:38  Zergling x4  
  78  8:47  Mutalisk  
  80  8:48  Drone  
  80  8:49  Drone  
  80  8:51  Drone x4  
  86  9:00  Extractor, Drone x5  
  86  9:01  Drone  
  86  9:02  Drone x3  
  94  9:08  Mutalisk x2  
  98  9:14  Zerg Flyer Weapons Level 1  
  98  9:15  Infestation Pit  
  97  9:21  Spore Crawler  
  96  9:31  Mutalisk x3  
  96  9:34  Zergling x14  
  96  9:35  Zergling x2, Spore Crawler  
  98  9:45  Mutalisk  
  98  9:46  Mutalisk  
  98  9:47  Drone x2  
  98  9:48  Drone x2  
  106  9:58  Mutalisk x2  
  108  10:07  Spore Crawler  
  108  10:08  Drone x2  
  108  10:09  Drone  
  108  10:13  Spine Crawler  
  109  10:22  Mutalisk x2  
  109  10:24  Overlord x4  
  109  10:27  Drone  
  113  10:33  Drone  
  107  10:35  Mutalisk x2  
  107  10:42  Drone x2  
  111  10:51  Hatchery, Mutalisk x3  
  111  10:53  Drone x2  
  118  11:02  Hatchery  
  117  11:06  Hatchery  
  117  11:08  Zerg Flyer Armor Level 1  
  109  11:25  Mutalisk x2, Zergling x8  
  96  11:27  Drone, Zergling x4  
  102  11:37  Spine Crawler  
  102  11:39  Drone, Spine Crawler  
  101  11:41  Spine Crawler  
  101  11:42  Mutalisk x3  
  101  11:43  Mutalisk  
  108  11:50  Hive  
  108  12:08  Drone  
  109  12:09  Zergling x4  
  109  12:10  Mutalisk, Zergling x4  
  109  12:11  Mutalisk x4  
  123  12:16  Baneling Nest  
  123  12:17  Drone x2  
  123  12:18  Mutalisk  
  123  12:20  Drone, Queen  
  129  12:27  Mutalisk x2  
  129  12:28  Drone x2  
  135  12:31  Zergling x4, Overlord x3  
  135  12:32  Zergling x4  
  135  12:33  Drone  
  140  12:43  Mutalisk x2  
  134  12:46  Drone x3  
  136  12:53  Corruptor  
  136  12:54  Overlord x2  
  136  12:55  Drone  
  136  12:56  Drone x2  
  141  13:01  Drone x3  
  141  13:02  Zerg Flyer Weapons Level 2  
  141  13:03  Extractor  
  143  13:05  Extractor  
  143  13:06  Extractor x2  
  143  13:07  Spine Crawler  
  143  13:08  Spine Crawler x2  
  143  13:10  Extractor  
  143  13:11  Spine Crawler  
  135  13:13  Spine Crawler  
  135  13:15  Queen  
  135  13:16  Drone  
  135  13:17  Drone x2  
  135  13:19  Mutalisk x3  
  143  13:26  Viper  
  148  13:42  Drone x3  
  148  13:43  Drone x4  
  148  13:46  Viper  
  158  13:50  Viper  
  158  13:52  Overlord x4  
  161  13:58  Zergling x14  
  161  13:59  Zergling x6  
  171  14:05  Drone x3  
  171  14:06  Drone x4  
  177  14:11  Spine Crawler  
  177  14:14  Spine Crawler  
  177  14:15  Spine Crawler  
  146  14:33  Mutalisk, Corruptor x2  
  146  14:34  Mutalisk x4  
  146  14:35  Zergling x6  
  146  14:36  Zergling x22  
  146  14:37  Drone x7  
  154  14:40  Spore Crawler  
  138  14:47  Corruptor x2  
  140  14:53  Drone x5  
  140  14:54  Mutalisk  
  140  14:56  Zergling x10  
  140  14:59  Drone  
  144  15:01  Spore Crawler  
  144  15:04  Mutalisk x2  
  144  15:08  Drone x3  
  144  15:09  Drone  
  148  15:15  Drone x2  
  148  15:20  Spore Crawler  
  149  15:22  Spine Crawler  
  149  15:24  Spine Crawler  
  149  15:25  Mutalisk x3  
  149  15:27  Zergling x6  
  149  15:28  Drone  
  152  15:44  Mutalisk x3  
  158  15:53  Zergling x8  
  158  15:54  Drone x4  
  158  15:55  Drone x4  
  172  16:05  Extractor  
Tags
 
Add a new tag
Caveats
  • Supply blocks, unpowered buildings, or Contaminate may cause inaccurate times.
  • Supply counts are checked every 10 seconds.